AoeStats
← weiln

Arabia

506840878Analyzed
1v1 RM · 17d ago on Sep 15, 2026· 24m 33s· 2 players
Game mode
Random Map
Map size
Tiny (2 player)
Population
200
Speed
Normal
Resources
Standard
Victory
Conquest
Starting age
Dark Age
Ending age
Imperial Age
RankedLock teamsTeams togetherTeam positionsShared explorationLock speedFull tech treeHidden civsTurbo modeCheats
Victory
Defeat
🇨🇳 Franks · China
1194
+14
🇨🇳 Burgundians · China
1152
-14
weiln
4:45 Double-Bit Axe
7:21 Loom
10:19 Feudal Age
11:35 Bow Saw
12:02 Horse Collar
20:06 Wheelbarrow
19:42 Scale Mail Armor
20:01 Forging
19:59 Heavy Plow
22:28 Castle Age
23:41 Squires
24:05 Chain Mail Armor
兼担日月携昆仑
7:49 Loom
10:03 Feudal Age
11:50 Double-Bit Axe
17:07 Forging
18:05 Wheelbarrow
21:53 Castle Age
20:26 Gold Mining
21:11 Scale Barding Armor
23:23 Iron Casting
24:51 Chain Barding Armor
Connection lost

Rejoining the realm…

Still unreachable

The connection could not be restored.

Session expired

The server has moved on; the page needs a fresh start.